 Dungeon Crawl Stone Soup version 0.25.1-8-g42b30a86e7 (webtiles) character file.

Game seed: 15152442241804734115

240311 Cykl0x the Fencer (level 20, -4/164 HPs)
             Began as a Formicid Fighter on Dec 3, 2020.
             Was the Champion of the Shining One.
             Hit by a large rock thrown by a stone giant (11 damage)
             ... on level 4 of the Vaults.
             The game lasted 01:38:48 (35614 turns).

Cykl0x the Fencer (Formicid Fighter)               Turns: 35614, Time: 01:38:48

Health: -4/164     AC: 34    Str: 34    XL:     20   Next: 57%
Magic:  30/30      EV: 14    Int:  9    God:    the Shining One [******]
Gold:   3603       SH: 37    Dex: 11    Spells: 19/19 levels left

rFire    + + .     SeeInvis +   e - +5 triple sword (protect)
rCold    . . .     Gourm    .   Y - +8 tower shield of Elyvilon's Inspiration {rF+}
rNeg     + + +     Faith    .   A - +3 plate armour {rPois}
rPois    +         Spirit   .   (helmet unavailable)
rElec    .         Reflect  +   K - +1 cloak {MR+}
rCorr    .         Harm     .   I - +2 pair of gloves
MR       +++..                  n - +2 pair of boots
Stlth    ..........             f - amulet of reflection
HPRegen  0.77/turn              O - ring of protection from fire
MPRegen  0.22/turn              J - +6 ring of strength

@: flayed, protection aura, glowing, studying Fighting
A: permanent stasis, dig shafts and tunnels, four strong arms, antennae 3,
regeneration 1, wild magic 2
}: 1/15 runes: gossamer
a: Dig, Shaft Self, Divine Shield, Cleansing Flame, Summon Divine Warrior, Brand
Weapon With Holy Wrath, Renounce Religion


You were on level 4 of the Vaults.
You worshipped the Shining One.
The Shining One was exalted by your worship.
You were not hungry.

You visited 6 branches of the dungeon, and saw 32 of its levels.
You also visited: Sewer, Bailey, Ice Cave and Volcano.

You collected 5133 gold pieces.
You spent 1452 gold pieces at shops.
You donated 78 gold pieces to Zin.

Inventory:

Hand Weapons
 e - a +5 triple sword of protection (weapon)
 o - the +8 autumn katana {vorpal, Clar}
   (You found it on level 3 of the Vaults)

   It inflicts extra damage upon your enemies.
   It protects you against confusion.
 t - the +5 dagger of Forgiveness {elec, MP+9}
   (You found it on level 12 of the Dungeon)

   Occasionally, upon striking a foe, it will discharge some electrical energy
   and cause terrible harm.
   It affects your magic capacity (+9).
Missiles
 Q - 8 javelins
 X - 24 boomerangs (quivered)
Armour
 n - a +2 pair of boots (worn)
 A - a +3 plate armour of poison resistance (worn)
 I - a +2 pair of gloves (worn)
 K - a +1 cloak of magic resistance (worn)
 Y - the +8 tower shield of Elyvilon's Inspiration (worn) {rF+}
   (You bought it in a shop on level 2 of the Orcish Mines)

   It protects you from fire.
Jewellery
 f - an amulet of reflection (around neck)
 g - an uncursed ring of resist corrosion
 j - an uncursed ring of protection from fire
 m - an uncursed ring of poison resistance
 J - a +6 ring of strength (right hand)
 O - a ring of protection from fire (left hand)
Wands
 c - a wand of paralysis (17)
 v - a wand of digging (11)
 C - a wand of iceblast (26)
 H - a wand of enslavement (16)
 Z - a wand of acid (3)
Scrolls
 a - 2 scrolls of immolation
 d - 14 scrolls of identify
 l - 23 scrolls of remove curse
 p - a scroll of holy word
 q - 2 scrolls of enchant armour
 L - a scroll of silence
 N - 5 scrolls of fear
 P - 7 scrolls of amnesia
 W - 3 scrolls of fog
Potions
 b - 5 potions of heal wounds
 h - 3 potions of cancellation
 i - 15 potions of curing
 r - 4 potions of ambrosia
 u - 5 potions of mutation
 w - a potion of magic
 D - 5 potions of might
 F - 7 potions of brilliance
 M - 6 potions of flight
 S - a potion of resistance
Books
 U - a manual of Fighting
Comestibles
 k - 4 chunks of flesh
 x - 38 rations


   Skills:
 * Level 16.1 Fighting
 + Level 0.7(13.1) Short Blades
 + Level 19.3 Long Blades
   Level 3.1 Polearms
 + Level 8.1 Throwing
 + Level 11.4 Armour
 + Level 12.3 Dodging
 - Level 0.1 Stealth
 + Level 19.0 Shields
 + Level 13.9 Invocations
 + Level 0.5 Evocations


You had 19 spell levels left.
You didn't know any spells.
Your spell library contained the following spells:

 Spells                   Type           Power        Failure   Level  Hunger
 Animate Skeleton         Necr           N/A          97%         1    ##.....
 Apportation              Tloc           #.....       97%         1    ##.....
 Corona                   Hex            #......      97%         1    ##.....
 Magic Dart               Conj           #...         97%         1    ##.....
 Pain                     Necr           #...         97%         1    ##.....
 Summon Butterflies       Summ           #.......     97%         1    ##.....
 Summon Small Mammal      Summ           #...         97%         1    ##.....
 Call Imp                 Summ           #.......     99%         2    ###....
 Poisonous Vapours        Pois/Air       #.....       99%         2    ###....
 Searing Ray              Conj           #.....       99%         2    ###....
 Shroud of Golubria       Chrm/Tloc      #.....       99%         2    ###....
 Slow                     Hex            #.......     99%         2    ###....
 Call Canine Familiar     Summ           #.......     100%        3    ####...
 Confusing Touch          Hex            #.......     100%        3    ####...
 Conjure Flame            Conj/Fire      #.......     100%        3    ####...
 Dazzling Flash           Conj/Hex       #.....       100%        3    ####...
 Gell's Gravitas          Tloc           #.........   100%        3    ####...
 Inner Flame              Hex/Fire       #.......     100%        3    ####...
 Lesser Beckoning         Tloc           #.........   100%        3    ####...
 Mephitic Cloud           Conj/Pois/Air  #.......     100%        3    ####...
 Portal Projectile        Hex/Tloc       #.....       100%        3    ####...
 Recall                   Summ/Tloc      N/A          100%        3    ####...
 Summon Guardian Golem    Hex/Summ       #.......     100%        3    ####...
 Teleport Other           Tloc           #.......     100%        3    ####...
 Tukima's Dance           Hex            #.......     100%        3    ####...
 Vampiric Draining        Necr           #.........   100%        3    ####...
 Animate Dead             Necr           N/A          100%        4    #####..
 Cause Fear               Hex            #.........   100%        4    #####..
 Fulminant Prism          Conj/Hex       #.........   100%        4    #####..
 Iskenderun's Mystic Bla  Conj/Tloc      #.......     100%        4    #####..
 Leda's Liquefaction      Hex/Erth       #.........   100%        4    #####..
 Passage of Golubria      Tloc           N/A          100%        4    #####..
 Petrify                  Tmut/Erth      #.......     100%        4    #####..
 Summon Ice Beast         Ice/Summ       #.......     100%        4    #####..
 Summon Lightning Spire   Summ/Air       #.......     100%        4    #####..
 Agony                    Necr           #.......     100%        5    ######.
 Alistair's Intoxication  Tmut/Pois      #.......     100%        5    ######.
 Metabolic Englaciation   Hex/Ice        #.........   100%        5    ######.
 Silence                  Hex/Air        #.........   100%        5    ######.
 Yara's Violent Unravell  Hex/Tmut       #.........   100%        5    ######.
 Conjure Ball Lightning   Conj/Air       #.........   100%        6    #######
 Freezing Cloud           Conj/Ice/Air   #.........   100%        6    #######
 Invisibility             Hex            #.......     100%        6    #######
 Malign Gateway           Summ/Tloc      #.........   100%        7    #######
 Monstrous Menagerie      Summ           #.........   100%        7    #######
 Ring of Flames           Chrm/Fire      #.........   100%        7    #######
 Summon Greater Demon     Summ           #.........   100%        7    #######
 Summon Horrible Things   Summ           #.........   100%        8    #######
 Tornado                  Air            #.........   100%        9    #######
 Blink                    Tloc           Unusable     N/A         2    N/A

Dungeon Overview and Level Annotations

Branches:
Dungeon (15/15)            Temple (1/1) D:6            Lair (6/6) D:10
 Shoals (0/4) Lair:3       Spider (4/4) Lair:3        Slime (0/5) Lair:6
    Orc (2/2) D:12            Elf (0/3) Orc:2        Vaults (4/5) D:14
  Crypt (0/3) Vaults:3     Depths (0/5) D:15          Sewer (visited)
 Bailey (visited)           IceCv (visited)         Volcano (visited)

Altars:
Ashenzari
Cheibriados
Dithmenos
Elyvilon
Fedhas
Gozag
Hepliaklqana
Kikubaaqudgha
Makhleb
Nemelex Xobeh
Okawaru
Qazlal
Ru
Sif Muna
Trog
Uskayaw
Vehumet
Wu Jian
Xom
Yredelemnul
Zin
The Shining One
Beogh
Jiyva

Shops:
D:7 *   D:12 ([   D:13 (*[(   D:15 :?!(   Orc:2 (:[*   Vaults:1 (   Vaults:4 :

Annotations:
Spider:4 Roxanne


Innate Abilities, Weirdness & Mutations

You cannot be hasted, slowed, berserked, paralysed or teleported.
You can dig through walls and to a lower floor.
Your four strong arms can wield two-handed weapons with a shield.
You have a pair of large antennae on your head. (SInv)
Your natural rate of healing is unusually fast.
Your spells are harder to cast, but more powerful.


Message History

The flayed ghost seems to grow stronger.
The flayed ghost stares at you with tortured malice.
Terrible wounds spread across more of your body!
* * * LOW HITPOINT WARNING * * *
The stone giant hits you!
* * * LOW HITPOINT WARNING * * *
The titan waves its arms in wide circles.
The air twists around and strikes you.
* * * LOW HITPOINT WARNING * * *
You block the stone giant's attack.
Some of the chunks of flesh in your inventory have rotted away.
Items here: ( )) † a +0 arbalest; a cursed +0 arbalest; 29 bolts; a yaktaur corpse The stone giant throws a large rock.
The large rock hits you!!
* * * LOW HITPOINT WARNING * * *
Things that are here:
a large rock; a bolt The flayed ghost cries, "Suffer as I suffered!"
The stone giant throws a large rock.
The large rock hits you!
You die...

############
############..........#
...WWpC)C(@'..........#
.##..##C.###..........#
# #..# #..........#
#### #..........#
#..........#
#########'##+##'#####
.....................
.....................
.....................


You could see a titan (strong), a frost giant, a stone giant, a flayed ghost
(strong), an ironbrand convoker and a freezing wraith (strong).

Vanquished Creatures
  Jorgrun (D:13)
  Rupert (D:13)
  Agnes (Spider:3)
  3 vault wardens
  4 ghost moths
  2 emperor scorpions
  3 orc warlords
  A curse skull (Vaults:3)
  A stone giant (Vaults:4)
  9 ironheart preservers
  2 entropy weavers
  The ghost of Keeluq the Geomancer, a journeyman GrEE of Vehumet (Orc:1)
  A deep elf demonologist (Vaults:3)
  3 spark wasps
  A deep elf death mage (Vaults:1)
  4 fire dragons
  Josephine (D:10)
  3 yaktaur captains
  Harold (Orc:1)
  4 great orbs of eyes
  10 vault guards
  3 ice dragons
  5 hydras
  9 centaur warriors
  A death knight (Vaults:2)
  15 two-headed ogres
  A queen ant (Lair:3)
  5 ogre magi
  5 death yaks
  A deep troll shaman (Vaults:4)
  A vampire mage (Vaults:3)
  2 tengu warriors
  3 orc high priests (Orc:2)
  A deep troll earth mage (Vaults:1)
  Urug (D:12)
  Nergalle (Lair:3)
  A hell knight (Volcano)
  The ghost of Gabide the Spear-Bearer, a novice TeAK of Lugonu (D:11)
  4 deep elf knights (Vaults:1)
  2 unseen horrors
  A shadow wraith (Vaults:4)
  2 skeletal warriors (Vaults:2)
  7 deep trolls
  2 deep elf archers
  A flayed ghost (Vaults:2)
  3 phantasmal warriors
  2 glowing orange brains (Vaults:1)
  7 ironbrand convokers
  11 orc knights
  15 orb spiders
  A wolf spider zombie (D:14)
  29 ugly things
  4 oklob plants (Lair:3)
  2 lindwurms
  4 wizards
  27 wolf spiders
  A necromancer (Vaults:1)
  7 deep elf magi
  9 cyclopes
  A salamander (shapeshifter) (Vaults:4)
  4 orc sorcerers (Orc:2)
  3 manticores
  Maurice (D:10)
  3 moths of wrath
  Joseph (D:10)
  A molten gargoyle (Volcano)
  2 merfolk sirens (Lair:3)
  4 black mambas
  2 ice statues (IceCv)
  3 elephants (Lair:1)
  5 vault sentinels
  Psyche (D:11)
  3 gargoyles
  2 torpor snails
  8 spiny frogs
  4 centaur skeletons
  3 freezing wraiths
  Maggie (D:8)
  15 demonic crawlers
  9 komodo dragons
  2 rime drakes (Lair:5)
  25 yaktaurs
  A kobold demonologist (D:11)
  A redback zombie (D:15)
  2 yaktaurs (shapeshifter)
  2 merfolk (Lair:3)
  A yaktaur skeleton (Vaults:1)
  11 trolls
  19 jumping spiders
  2 queen bees
  11 polar bears
  2 meliai (shapeshifter)
  3 meliai (D:14)
  2 tengu conjurers (D:13)
  A tyrant leech (D:14)
  A raiju (shapeshifter) (Vaults:3)
  8 hornets
  4 blink frogs (Lair:1)
  3 dream sheep (Lair:6)
  10 hippogriffs
  A meliai zombie (D:14)
  28 slime creatures
  A flying skull (Vaults:3)
  44 redbacks
  A spriggan (shapeshifter) (Vaults:1)
  A shadow (D:14)
  A centaur simulacrum (D:14)
  A vampire (D:11)
  2 wyverns (D:8)
  17 spriggans
  10 wraiths
  A water elemental (D:15)
  39 yaks
  29 tarantellas
  4 basilisks
  2 fire bats (Volcano)
  A hungry ghost (D:13)
  A steam dragon (D:15)
  4 vampire mosquitoes (D:14)
  2 swamp worms (D:14)
  An acid dragon (D:14)
  6 wargs
  An ogre zombie (Vaults:1)
  4 soldier ants (Lair:3)
  8 water moccasins
  5 porcupines
  A hornet zombie (D:14)
  49 orc warriors
  18 ice beasts
  A black bear (Lair:6)
  3 sky beasts
  3 eyes of draining (D:7)
  A human zombie (Vaults:1)
  30 ogres
  3 phantoms
  25 wolves
  19 boggarts
  2 necrophages
  15 centaurs
  12 crocodiles
  2 big kobolds
  15 bullfrogs
  A wyvern skeleton (D:11)
  5 scorpions
  40 killer bees
  12 wights
  A howler monkey (D:9)
  9 electric eels
  2 lava snakes (Volcano)
  9 crimson imps
  2 bullfrog zombies
  3 centaur zombies
  5 hounds
  6 jellies
  4 quasits
  25 orc priests
  A gnoll shaman (Orc:2)
  A bullfrog skeleton (D:9)
  Ijyb (D:5)
  4 iguanas
  25 orc wizards
  26 worker ants
  A hound zombie (D:8)
  2 hound skeletons
  A worker ant zombie (D:11)
  19 adders
  12 gnolls
  2 shadow imps (D:9)
  An ooze (D:1)
  An adder zombie (D:6)
  An adder skeleton (D:4)
  3 worms
  2 dart slugs (D:1)
  9 leopard geckos
  102 orcs
  13 bats
  7 giant cockroaches
  9 goblins
  8 hobgoblins
  10 jackals
  5 quokkas
  A ball python (D:2)
  2 frilled lizards
  A jackal zombie (D:5)
  6 kobolds
  2 quokka skeletons
  13 rats
  A plant (Lair:2)
1271 creatures vanquished.

Vanquished Creatures (collateral kills)
  A frost giant (Vaults:2)
  A ghost moth (Spider:4)
  2 emperor scorpions (Spider:4)
  2 vault wardens
  An ironheart preserver (Vaults:3)
  A stone giant (Vaults:1)
  A spark wasp (Spider:4)
  A fire dragon (Vaults:2)
  A yaktaur captain (Vaults:3)
  A great orb of eyes (Vaults:2)
  3 vault guards
  An ice dragon (D:15)
  2 death knights
  2 two-headed ogres (Vaults:3)
  An ogre mage (Vaults:3)
  A deep elf knight (Vaults:3)
  3 skeletal warriors (D:15)
  2 wizards
  A deep elf archer (Vaults:3)
  A deep elf mage (Vaults:3)
  An ironbrand convoker (Vaults:3)
  An orc sorcerer (Orc:2)
  A manticore (D:15)
  A vault sentinel (Vaults:2)
  3 yaktaurs
  2 hornets (Spider:4)
  A redback (Spider:4)
  2 acid dragons (D:15)
  4 orc warriors
  4 ogres
  3 boggarts
  2 centaurs (Vaults:2)
  A bullfrog (D:15)
  An orc priest (Orc:2)
  6 orcs
62 creatures vanquished.

Vanquished Creatures (others)
  2 wizards
  2 redbacks (Spider:4)
  An orc priest (Orc:2)
  2 fungi (D:11)
  9 plants
16 creatures vanquished.

Grand Total: 1349 creatures vanquished

Notes
Turn   | Place    | Note
-------+----------+-------------------------------------------
     0 | D:1      | Cykl0x the Formicid Fighter began the quest for the Orb.
     0 | D:1      | Reached XP level 1. HP: 18/18 MP: 1/1
    90 | D:1      | Reached XP level 2. HP: 14/24 MP: 2/2
   463 | D:1      | Reached XP level 3. HP: 29/29 MP: 3/3
   799 | D:1      | Reached XP level 4. HP: 28/36 MP: 1/4
  1735 | D:2      | Reached skill level 1 in Throwing
  1883 | D:2      | Reached XP level 5. HP: 42/42 MP: 5/5
  2211 | D:2      | Reached skill level 1 in Dodging
  2465 | D:3      | Found a glowing drain.
  2490 | Sewer    | Entered a sewer
  2544 | Sewer    | Noticed a crocodile
  2567 | Sewer    | Killed a crocodile
  2567 | Sewer    | Reached XP level 6. HP: 5/48 MP: 2/6
  2950 | D:3      | Reached skill level 5 in Shields
  3378 | D:3      | Found a shimmering blue altar of Sif Muna.
  3863 | D:4      | Found a sparkling altar of Nemelex Xobeh.
  4108 | D:4      | Noticed a phantom
  4164 | D:4      | Killed a phantom
  4164 | D:4      | Reached XP level 7. HP: 26/54 MP: 7/7
  4922 | D:5      | Entered Level 5 of the Dungeon
  4990 | D:5      | Noticed Ijyb
  5003 | D:5      | Killed Ijyb
  5016 | D:5      | Reached skill level 5 in Armour
  5039 | D:5      | Reached skill level 5 in Long Blades
  5168 | D:5      | Reached XP level 8. HP: 52/60 MP: 6/8
  5337 | D:5      | Found a stormy altar of Qazlal.
  5338 | D:5      | Noticed a water elemental
  5349 | D:5      | Noticed a fire elemental
  5349 | D:5      | Noticed an air elemental
  5566 | D:6      | Found a staircase to the Ecumenical Temple.
  5575 | Temple   | Entered the Ecumenical Temple
  5909 | Temple   | Became a worshipper of Zin the Law-Giver
  5909 | Temple   | Reached * piety under Zin
  5909 | Temple   | Reached ** piety under Zin
  6174 | D:6      | Reached skill level 1 in Invocations
  6299 | D:6      | Found a burning altar of Makhleb.
  6584 | D:6      | Found a shadowy altar of Dithmenos.
  6866 | D:7      | Reached XP level 9. HP: 66/66 MP: 10/10
  6880 | D:7      | Found a bloodstained altar of Trog.
  7017 | D:7      | Found Felos's General Store.
  7079 | D:7      | Noticed a hippogriff
  7086 | D:7      | Killed a hippogriff
  7443 | D:6      | Found an ornate altar of the Wu Jian Council.
  7512 | D:8      | Reached skill level 5 in Fighting
  7546 | D:8      | Found a flagged portal.
  7596 | Bailey   | Entered a bailey
  8272 | Bailey   | Reached skill level 1 in Polearms
  8272 | Bailey   | Reached XP level 10. HP: 44/74 MP: 11/13
  8289 | Bailey   | Reached *** piety under Zin
  8345 | Bailey   | Reached **** piety under Zin
  8678 | D:8      | Reached skill level 5 in Invocations
  8708 | D:8      | Found a blossoming altar of Fedhas.
  8876 | D:8      | Noticed Maggie
  8901 | D:8      | Killed Maggie
  9118 | D:8      | Found a sacrificial altar of Ru.
  9604 | D:9      | Found an opulent altar of Gozag.
  9739 | D:9      | Found a glowing golden altar of the Shining One.
  9745 | D:9      | Reached ***** piety under Zin
  9748 | D:9      | Fell from the grace of Zin
  9748 | D:9      | Became a worshipper of the Shining One
  9748 | D:9      | Reached * piety under the Shining One
  9748 | D:9      | Reached ** piety under the Shining One
  9910 | D:9      | Found a shimmering altar of Xom.
  9973 | D:9      | Found a viscous altar of Jiyva.
 10116 | D:9      | Reached XP level 11. HP: 67/81 MP: 12/15
 10320 | D:9      | Noticed a death yak
 10331 | D:9      | Killed a death yak
 10334 | D:9      | Reached skill level 5 in Throwing
 10728 | D:10     | Entered Level 10 of the Dungeon
 10728 | D:10     | Noticed Maurice
 10745 | D:10     | Killed Maurice
 10745 | D:10     | Reached skill level 10 in Long Blades
 10778 | D:10     | Noticed a death yak
 10779 | D:10     | Noticed a death yak
 10779 | D:10     | Reached *** piety under the Shining One
 10781 | D:10     | Noticed a death yak
 10795 | D:10     | Noticed a death yak
 10801 | D:10     | Killed a death yak
 10808 | D:10     | Killed a death yak
 10821 | D:10     | Killed a death yak
 10833 | D:10     | Killed a death yak
 10918 | D:10     | Noticed Josephine
 10931 | D:10     | Killed Josephine
 10931 | D:10     | Reached XP level 12. HP: 84/89 MP: 15/18
 10976 | D:10     | Reached skill level 10 in Shields
 11190 | D:10     | Noticed Joseph
 11203 | D:10     | Killed Joseph
 11216 | D:10     | Found a staircase to the Lair.
 11346 | D:10     | Noticed a two-headed ogre
 11356 | D:10     | Killed a two-headed ogre
 11943 | D:11     | Noticed Psyche
 11953 | D:11     | Killed Psyche
 12655 | D:11     | Reached **** piety under the Shining One
 12768 | D:11     | Noticed an eight-headed hydra
 12783 | D:11     | Killed an eight-headed hydra
 12897 | D:11     | Got a smelly scale mail
 12907 | D:11     | Identified the cursed +1 scale mail of Qasyn {-Cast rPois
                  | rC- Stlth+} (You found it on level 11 of the Dungeon)
 13170 | D:11     | Found a runed translucent door.
 13170 | D:11     | Identified the +5 spear of the Final Decision {vamp, rF+}
 13174 | D:11     | Noticed Gabide's ghost (novice TeAK)
 13241 | D:11     | Killed Gabide's ghost
 13241 | D:11     | Reached XP level 13. HP: 72/97 MP: 17/19
 13491 | D:12     | Found Otoubry's Weapon Emporium.
 13491 | D:12     | Found a staircase to the Orcish Mines.
 13491 | D:12     | Found Ohuclol's Armour Emporium.
 13501 | D:12     | Bought a +0 great sword for 91 gold pieces
 13507 | D:12     | Bought a +1 cloak of magic resistance for 214 gold pieces
 13543 | D:12     | Noticed Urug
 13572 | D:12     | Killed Urug
 13661 | D:12     | Gained mutation: Your natural rate of healing is unusually
                  | fast. [potion of mutation]
 13661 | D:12     | Gained mutation: Your spells are a little harder to cast,
                  | but a little more powerful. [potion of mutation]
 13661 | D:12     | Gained mutation: Your spells are harder to cast, but more
                  | powerful. [potion of mutation]
 13691 | D:12     | Got a steaming dagger
 13691 | D:12     | Identified the +5 dagger of Forgiveness {elec, MP+9} (You
                  | found it on level 12 of the Dungeon)
 14236 | D:13     | Found Lairoda's Assorted Antiques.
 14242 | D:13     | Reached skill level 10 in Invocations
 14244 | D:13     | Found Ylunen's Antique Weapon Shop.
 14276 | D:13     | Found Bouluwn's Antique Weapon Emporium.
 14348 | D:13     | Noticed Jorgrun
 14364 | D:13     | Noticed Rupert
 14365 | D:13     | Killed Jorgrun
 14380 | D:13     | Killed Rupert
 14444 | D:13     | Noticed a centaur warrior
 14463 | D:13     | Killed a centaur warrior
 14523 | D:13     | Found Atycecua's Antique Armour Emporium.
 14532 | D:13     | Bought a faintly glowing cloak for 247 gold pieces
 14542 | D:13     | Identified the +0 cloak "Worphu Wetu" {Dex+4 Stlth+} (You
                  | bought it in a shop on level 13 of the Dungeon)
 14573 | D:13     | Bought a small bronze amulet for 135 gold pieces
 14573 | D:13     | Bought a scratched copper ring for 135 gold pieces
 14842 | D:14     | Reached XP level 14. HP: 82/106 MP: 22/22
 14845 | D:14     | Reached ***** piety under the Shining One
 15596 | D:14     | Found a gate to the Vaults.
 15836 | D:15     | Entered Level 15 of the Dungeon
 15855 | D:15     | Found Gec Vul's Book Emporium.
 15855 | D:15     | Found a shimmering altar of Xom.
 16226 | D:15     | Reached XP level 15. HP: 103/114 MP: 23/23
 16311 | D:15     | Found Vahaczoo's Distillery.
 16319 | D:15     | Bought a potion of flight for 48 gold pieces
 16319 | D:15     | Bought a potion of might for 64 gold pieces
 16319 | D:15     | Bought a potion of heal wounds for 80 gold pieces
 16322 | D:15     | Found Ytilamnat's Weapon Emporium.
 16450 | D:15     | Found Fyexaoth's Magic Scroll Emporium.
 16475 | D:15     | Bought a scroll of enchant armour for 105 gold pieces
 16475 | D:15     | Bought a scroll of silence for 105 gold pieces
 16503 | D:15     | Identified a scroll of acquirement
 16503 | D:15     | Acquired 470 gold pieces
 16666 | D:15     | Found a staircase to the Depths.
 17077 | Lair:1   | Entered Level 1 of the Lair of Beasts
 17192 | Lair:1   | Found a frozen archway.
 17198 | Lair:1   | Reached skill level 10 in Armour
 17238 | IceCv    | Entered an ice cave
 17276 | IceCv    | Found a transporter.
 17302 | IceCv    | Found a transporter.
 18575 | Lair:2   | Identified Buep's Collected Works on Summoning and Flight
 18627 | Lair:2   | Reached skill level 10 in Fighting
 19674 | Lair:3   | Found a staircase to the Shoals.
 19764 | Lair:3   | Noticed Nergalle
 19776 | Lair:3   | Killed Nergalle
 20146 | Lair:3   | Found a hole to the Spider Nest.
 20808 | Lair:4   | Found a dark tunnel.
 20813 | Volcano  | Entered a volcano
 20947 | Volcano  | Found a burning altar of Makhleb.
 20953 | Volcano  | Reached skill level 15 in Long Blades
 20987 | Volcano  | Reached XP level 16. HP: 122/122 MP: 25/25
 21190 | Lair:4   | Acquired a manual of Fighting
 21191 | Lair:4   | Acquired a manual of Dodging
 21192 | Lair:4   | Acquired 570 gold pieces
 22734 | Lair:6   | Entered Level 6 of the Lair of Beasts
 22870 | Lair:6   | Found a viscous altar of Jiyva.
 22870 | Lair:6   | Found a staircase to the Slime Pits.
 23246 | Lair:6   | Reached skill level 5 in Dodging
 24080 | Orc:1    | Entered Level 1 of the Orcish Mines
 24217 | Orc:1    | Noticed Harold
 24235 | Orc:1    | Killed Harold
 24235 | Orc:1    | Reached skill level 15 in Shields
 24260 | Orc:1    | Reached ****** piety under the Shining One
 24411 | Orc:1    | Found a runed translucent door.
 24414 | Orc:1    | Noticed Keeluq's ghost (journeyman GrEE)
 24425 | Orc:1    | Killed Keeluq's ghost
 24438 | Orc:1    | Found a roughly hewn altar of Beogh.
 24731 | Orc:2    | Entered Level 2 of the Orcish Mines
 25087 | Orc:2    | Reached XP level 17. HP: 68/133 MP: 26/26
 25385 | Orc:2    | Found Iriumood's General Store.
 25386 | Orc:2    | Found Nomer's Book Boutique.
 25387 | Orc:2    | Found Cion's Antique Armour Boutique.
 25387 | Orc:2    | Found Baapsabu's Antique Weapon Shop.
 25411 | Orc:2    | Bought a transparent tower shield for 228 gold pieces
 25421 | Orc:2    | Identified the +8 tower shield of Elyvilon's Inspiration
                  | {rF+} (You bought it in a shop on level 2 of the Orcish
                  | Mines)
 25721 | Orc:2    | Found a staircase to the Elven Halls.
 25941 | Orc:2    | Found a roughly hewn altar of Beogh.
 26160 | Spider:1 | Entered Level 1 of the Spider Nest
 28812 | Spider:3 | Noticed Agnes
 28818 | Spider:3 | Killed Agnes
 29182 | Spider:4 | Entered Level 4 of the Spider Nest
 29448 | Spider:4 | Reached XP level 18. HP: 142/142 MP: 27/27
 29531 | Spider:4 | Noticed Roxanne
 29662 | Spider:4 | Reached skill level 10 in Dodging
 29892 | Spider:4 | Got a gossamer rune of Zot
 30420 | Vaults:1 | Entered Level 1 of the Vaults
 31122 | Vaults:1 | You fall into a shaft and drop 1 floor!
 31600 | Vaults:1 | Found Adghutt's Weapon Emporium.
 31761 | Vaults:1 | Reached XP level 19. HP: 150/150 MP: 29/29
 34132 | Vaults:3 | Reached XP level 20. HP: 160/160 MP: 30/30
 34305 | Vaults:3 | Reached skill level 15 in Fighting
 34326 | Vaults:3 | Found the +8 autumn katana {vorpal, Clar}
 34742 | Vaults:3 | Found a staircase to the Crypt.
 35205 | Vaults:4 | Found Hecaet's Book Shoppe.
 35613 | Vaults:4 | HP: 6/164 [stone giant/large rock (22)]
 35614 | Vaults:4 | Hit by a large rock thrown by a stone giant

Illustrated notes

Levels and vault maps discovered:
D:1:      evilmike_arrival_plus, layout_basic
D:2:      layout_basic, first_ration
D:3:      layout_basic, led_sif_pool, portal_sewer_entry_f
D:4:      minmay_door_path, layout_basic, kennysheep_mini
D:5:      layout_cave_pools, nicolae_qazlal_style_of_elements, uniq_ijyb
D:6:      lemuel_upstairs_altar, layout_basic, makhleb_grotto_becter,
          grunt_dithmenos_shadows, minmay_temple_entry_waves
D:7:      layout_loops_ring, trog_eyes_of_draining, serial_shops,
          nicolae_shop_stone
D:8:      cheibrodos_quashed, layout_basic, lemuel_doored_altar,
          nicolae_ru_awakened_eye, enter_bailey_2, uniq_maggie
D:9:      argonaut_augean_stables, layout_long_grid, lemuel_round_altar,
          nicolae_overflow_hidden_temple, grunt_gozag_statues, jiyva_altar_1
D:10:     layout_small_grid, dpeg_lair_monsters, david_nohive_1, uniq_josephine,
          uniq_maurice, uniq_joseph
D:11:     layout_rooms, ebering_ghost_funeral_grove,
          hangedman_decor_peaks_small, centaur_isle, uniq_psyche
D:12:     layout_long_grid, orc_david_3, uniq_urug
D:13:     layout_rooms, serial_shops, nicolae_shop_waterfront, shop,
          nicolae_shop_statue_plus, shop, feat_on_display, uniq_jorgrun,
          uniq_rupert
D:14:     layout_rooms, lightli_vaults_fourway_checkpoint, minivault_14,
          worms_lemuel
D:15:     grunt_enter_depths_hoard, layout_irregular_city,
          hangedman_decor_clover_reticule, basic_altar, serial_shops,
          nicolae_shop_statue_plus, shop, nicolae_shop_trees, shop,
          nicolae_water_bricks
Temple:   minmay_temple_forest_path
Lair:1:   layout_layer_cave, portal_ice_cave_entry_ice_beasts
Lair:2:   layout_hall_layers, grunt_megastairs_1, serial_bayou_shore_b,
          lemuel_fruit_tree
Lair:3:   layout_roguey, elwin_shoals_entry_stream,
          nicolae_spider_entry_orb_guardian, special_room [special_room_bee],
          minmay_another_anthill, minmay_lair_oklob_chamber,
          infiniplex_staircase_pool, serial_bayou_shore_b, uniq_nergalle
Lair:4:   layout_cave_pods, nicolae_volcano_entry_s_turn, grunt_megastairs_5,
          serial_bayou_shore_a
Lair:5:   layout_regular_city
Lair:6:   minmay_lair_end_enchanted_forest, layout_regular_city, slime_altar_1,
          chequers_serial_rivers_micro_d, infiniplex_staircase_pool_2
Spider:1: layout_spider_delve
Spider:2: layout_chambers
Spider:3: layout_spider_delve, uniq_agnes
Spider:4: spider_rune_water, nicolae_crawler_farm, uniq_roxanne
Orc:1:    layout_caves, ebering_ghost_inner_flame, basic_altar, uniq_harold
Orc:2:    st_orc_congregation, layout_diamond_mine, basic_altar
Vaults:1: vaults_room_large_hall, nicolae_vaults_back_hallway, v_rooms_2,
          nicolae_vaults_quartermaster, v_misc_4, hangedman_vaults_stream,
          vaults_mumra_minichess_inversion, nicolae_vaults_alarming,
          ontoclasm_vaults_hangar, ontoclasm_vaults_gateway, vaults_dpeg_ring,
          layout_vaults_omnicross, serial_shops, shop
Vaults:2: vaults_standard_mumra_lines, ontoclasm_vaults_bender, v_misc_30,
          nicolae_vaults_big_angled_halls, ontoclasm_vaults_decontamination,
          nicolae_vaults_little_squares_4, hangedman_vaults_snaps,
          nicolae_vaults_big_angled_halls, hangedman_vaults_maws,
          layout_vaults_omnigrid, uniq_margery
Vaults:3: nicolae_vaults_meeting, hangedman_vaults_corner, v_alt_pattern_4,
          nicolae_vaults_network_star, v_misc_1, vaults_standard_mumra_x,
          minmay_crypt_entry_simple_round, v_rooms_5, v_misc_1,
          layout_vaults_maze_snakey
Vaults:4: v_misc_15, ontoclasm_vaults_chip, dpeg_vaults_monster_row,
          layout_vaults_big_room, serial_shops, nicolae_shop_behind_doors

Skill      XL: |  1  2  3  4  5  6  7  8  9 10 11 12 13 14 15 16 17 18 19 20 |
---------------+-------------------------------------------------------------+-----
Shields        | 4 5 6 7 8 9 11 12 13 14 15 16 17 18 19 | 19.0
Throwing       | 1 2 3 4 5 6 7 8 |  8.1
Long Blades    | 3 4 5 6 7 9 10 11 12 13 15 16 17 18 19 | 19.3
Armour         | 4 5 6 7 8 9 10 11 | 11.4
Dodging        | 1 2 3 7 9 11 12 | 12.3
Fighting       | 4 5 6 7 8 9 10 11 12 13 14 16 | 16.1
Invocations    | 2 4 6 8 9 10 11 13 | 13.9
Polearms       | 1 3 |  3.1
Short Blades   | |  0.7
Stealth        | |  0.1
Evocations     | |  0.5

Action                   |  1- 3 |  4- 6 |  7- 9 | 10-12 | 13-15 | 16-18 | 19-21 || total
-------------------------+-------+-------+-------+-------+-------+-------+-------++-------
Melee: Long sword        |   102 |   263 |   275 |   606 |   156 |       |       ||  1402
       Halberd           |       |       |    43 |       |       |       |       ||    43
       Rapier            |       |       |       |     4 |       |       |       ||     4
       Triple sword      |       |       |       |       |   760 |  1453 |   637 ||  2850
       Dagger            |       |       |       |       |    16 |       |       ||    16
Throw: Boomerang         |    18 |    49 |       |    75 |    13 |    72 |    16 ||   243
       Stone             |       |    11 |    49 |    13 |    21 |     5 |       ||    99
       Javelin           |       |     2 |    35 |     1 |    73 |    10 |       ||   121
       Dart              |       |       |       |     3 |    10 |       |       ||    13
Invok: Divine Shield     |       |       |       |     1 |     5 |     4 |     3 ||    13
       Cleansing Flame   |       |       |       |       |     3 |     8 |     4 ||    15
       Summon Divine War |       |       |       |       |     1 |     6 |     5 ||    12
 Abil: Dig               |     1 |     1 |     2 |    12 |    23 |    20 |       ||    59
       Shaft Self        |       |       |       |       |       |     1 |       ||     1
Evoke: Wand              |       |       |       |     4 |       |     5 |       ||     9
  Use: Scroll            |     1 |     6 |    10 |    10 |    13 |    10 |     2 ||    52
       Potion            |       |     3 |     1 |     1 |     6 |     3 |       ||    14
  Eat: Chunk             |       |    10 |    12 |    17 |    31 |    39 |    16 ||   125
       Ration            |       |       |     1 |       |       |     2 |       ||     3
Armor: Scale mail        |    59 |   120 |    78 |       |       |       |       ||   257
       Chain mail        |       |       |     8 |       |       |       |       ||     8
       Plate armour      |       |       |       |   285 |   415 |   579 |   122 ||  1401
Dodge: Dodged            |    45 |    81 |    91 |   154 |   214 |   398 |   114 ||  1097
Block: Kite shield       |    60 |   141 |   160 |   423 |   904 |   686 |       ||  2374
       Reflection        |       |       |       |       |    31 |    45 |    62 ||   138
       Tower shield      |       |       |       |       |       |  1464 |   914 ||  2378
       Rpst.: Long sword |     9 |    20 |    20 |    45 |     8 |       |       ||   102
       Triple sword      |       |       |       |       |    42 |    85 |    19 ||   146
